 Dungeon Crawl Stone Soup version 0.26-a0-651-gb41185065b (webtiles) character file.

Game seed: 5798141514559941377

311119 Arthanis the Severer (level 21, -7/140 HPs)
             Began as a Gargoyle Berserker on Oct 31, 2020.
             Was a High Priest of Trog.
             Killed from afar by a frost giant (45 damage)
             ... with a bolt of cold
             ... on level 3 of the Depths.
             The game lasted 01:22:53 (46539 turns).

Arthanis the Severer (Gargoyle Berserker)          Turns: 46539, Time: 01:22:54

Health: -7/140     AC: 44    Str: 34    XL:     21   Next: 27%
Magic:  21/21      EV: 12    Int: 24    God:    Trog [*****.]
Gold:   3523       SH:  5    Dex:  9    Spells: 20/20 levels left

rFire    . . .     SeeInvis .   a - +3 executioner's axe (flame)
rCold    . . .     Faith    .   (shield currently unavailable)
rNeg     + . .     Spirit   .   r - +0 plate armour of Joy {+Blink +Fly Str-2 Int+9}
rPois    ∞         Reflect  +   Z - +2 helmet
rElec    +         Harm     .   g - scarf {+Inv}
rCorr    .         Rampage  .   v - +0 pair of gloves
MR       +++..                  n - +2 pair of boots {run}
Stlth    ..........             k - amulet of reflection
HPRegen  1.33/turn              V - +6 ring of strength
MPRegen  0.17/turn              x - +6 ring of strength

@: berserk cooldown, flying, regenerating (expiring), slowed, very slow
A: big wings, negative energy resistance 1, electricity resistance, unbreathing,
petrification resistance, rot immunity, AC +16
}: 2/15 runes: barnacled, gossamer
a: Stop Flying, Berserk, Trog's Hand, Brothers in Arms, Renounce Religion, Evoke
Blink, Evoke Invisibility


You were on level 3 of the Depths.
You worshipped Trog.
Trog was extremely pleased with you.
You visited 6 branches of the dungeon, and saw 34 of its levels.
You visited the Abyss 1 time.
You also visited: Gauntlet, Ice Cave and Wizlab.

You collected 4602 gold pieces.
You spent 1079 gold pieces at shops.

Inventory:

Hand Weapons
 a - a +3 executioner's axe of flaming (weapon)
 b - the +7 broad axe "Newtslayer" {vorpal, Dex+2}
   (Trog gifted it to you on level 1 of the Lair of Beasts)

   It inflicts extra damage upon your enemies.
   It affects your dexterity (+2).
 i - a +3 antimagic battleaxe
 y - the +2 demon whip of Kismet {antimagic, +Blink MR++ Dex+6}
   (You found it in an ice cave)

   It reduces the magical energy of the wielder, and disrupts the spells and
   magical abilities of those hit.
   Natural abilities and divine invocations are not affected.
   It affects your dexterity (+6).
   It affects your resistance to hostile enchantments.
   It lets you blink.
 L - a +2 antimagic broad axe
 U - the +3 battleaxe "Veogaid" {vorpal, +Inv rF+}
   (Trog gifted it to you on level 1 of the Shoals)

   It inflicts extra damage upon your enemies.
   It protects you from fire.
   It lets you turn invisible.
Missiles
 B - 8 throwing nets (quivered)
Armour
 g - a scarf of invisibility (worn)
 n - a +2 pair of boots of running (worn)
 r - the +0 plate armour of Joy (worn) {+Blink +Fly Str-2 Int+9}
   (You found it on level 13 of the Dungeon)

   It affects your strength (-2).
   It affects your intelligence (+9).
   It lets you fly.
   It lets you blink.
 v - a +0 pair of gloves (worn)
 K - a +0 tower shield
 Z - a +2 helmet (worn)
Jewellery
 d - an uncursed ring of see invisible
 k - an amulet of reflection (around neck)
 p - the ring of Ubucusab {MR+ Int+3 Slay+2}
   (You bought it in a shop on level 10 of the Dungeon)

   [ring of protection from magic]

   It affects your intelligence (+3).
   It affects your accuracy and damage with ranged weapons and melee attacks
   (+2).
   It affects your resistance to hostile enchantments.
 x - a +6 ring of strength (right hand)
 V - a +6 ring of strength (left hand)
Wands
 j - a wand of digging (19)
 o - a wand of iceblast (7)
 H - a wand of acid (18)
 R - a wand of polymorph (10)
 S - a wand of disintegration (26)
 T - a wand of paralysis (22)
Scrolls
 f - 4 scrolls of enchant weapon
 h - 16 scrolls of remove curse
 l - 12 scrolls of fear
 m - 5 scrolls of teleportation
 q - a scroll of summoning
 A - 2 scrolls of fog
 D - 4 scrolls of enchant armour
 M - 3 scrolls of immolation
 O - 7 scrolls of magic mapping
 P - 8 scrolls of blinking
 X - 5 scrolls of identify
Potions
 c - 11 potions of curing
 e - 7 potions of ambrosia
 s - 3 potions of mutation
 u - 6 potions of heal wounds
 w - 7 potions of haste
 z - a potion of resistance
 C - 3 potions of stabbing
 E - 7 potions of might
 F - 3 potions of berserk rage
 G - 7 potions of magic
 J - 3 potions of cancellation
 N - 3 potions of brilliance
 Q - 6 potions of lignification
Miscellaneous
 W - a box of beasts (3/3)


   Skills:
 + Level 17.9 Fighting
 * Level 20.6 Axes
 + Level 19.4 Armour
 - Level 8.1 Dodging
 - Level 4.0 Shields
 + Level 14.0 Evocations


You had 20 spell levels left.
You didn't know any spells.
Your spell library contained the following spells:

 Spells                   Type           Power        Failure   Level
 Animate Skeleton         Necr           #.....       45%         1
 Apportation              Tloc           #.....       45%         1
 Corona                   Hex            #......      45%         1
 Foxfire                  Conj/Fire      #...         45%         1
 Pain                     Necr           #...         45%         1
 Sandblast                Erth           #.....       45%         1
 Summon Small Mammal      Summ           #...         45%         1
 Blink                    Tloc           N/A          61%         2
 Corpse Rot               Necr/Air       N/A          61%         2
 Ensorcelled Hibernation  Hex/Ice        #.....       61%         2
 Passwall                 Tmut/Erth      #.......     61%         2
 Confusing Touch          Hex            #.......     83%         3
 Conjure Flame            Conj/Fire      #.......     83%         3
 Dazzling Flash           Conj/Hex       #.....       83%         3
 Gell's Gravitas          Tloc           #.........   83%         3
 Inner Flame              Hex/Fire       #.......     83%         3
 Lesser Beckoning         Tloc           #.........   83%         3
 Stone Arrow              Conj/Erth      #.....       83%         3
 Tukima's Dance           Hex            #.......     83%         3
 Cause Fear               Hex            #.........   99%         4
 Dispel Undead            Necr           #.......     99%         4
 Petrify                  Tmut/Erth      #.......     99%         4
 Sticky Flame             Conj/Fire      #.......     99%         4
 Agony                    Necr           #.......     100%        5
 Alistair's Intoxication  Tmut/Pois      #........    100%        5
 Excruciating Wounds      Necr           #.........   100%        5
 Fireball                 Conj/Fire      #.........   100%        5
 Lee's Rapid Deconstruct  Erth           #.........   100%        5
 Metabolic Englaciation   Hex/Ice        #.........   100%        5
 Yara's Violent Unravell  Hex/Tmut       #.........   100%        5
 Death Channel            Necr           #.........   100%        6
 Dispersal                Tloc           #.........   100%        6
 Invisibility             Hex            #.......     100%        6
 Sublimation of Blood     Necr           Unusable     N/A         2

Dungeon Overview and Level Annotations

Branches:
Dungeon (15/15)            Temple (0/1) D:6            Lair (6/6) D:9
 Shoals (4/4) Lair:4       Spider (4/4) Lair:4        Slime (0/5) Lair:6
    Orc (2/2) D:9             Elf (0/3) Orc:2        Vaults (0/5) D:13
 Depths (3/5) D:15          IceCv (visited)          WizLab (visited)
Gauntlet (visited)

Altars:
Ashenzari
Cheibriados
Dithmenos
Fedhas
Kikubaaqudgha
Makhleb
Nemelex Xobeh
Qazlal
Ru
Trog
Uskayaw
Wu Jian
Yredelemnul
Zin
Beogh
Jiyva

Shops:
D:10 =   Orc:2 =*}([   Depths:1 *   Depths:3 }=}

Portals:
Hell: Depths:1 Depths:2 Depths:3
Pandemonium: Depths:1
Ziggurat: Depths:1

Annotations:
D:9 Grum
D:10 1 runed translucent door, Arthanis's ghost, novice GrBe
Lair:3 exclusion: 2 oklob plants
Spider:2 Mara


Innate Abilities, Weirdness & Mutations

You are resistant to torment.
Your stone body is resilient. (AC +16)
You are immune to poison.
Your large and strong wings let you fly indefinitely.
You resist negative energy. (rN+)
You are resistant to electric shocks. (rElec)
You can survive without breathing.
You are immune to petrification.
You are immune to rotting.


Message History

The ice dragon is severely wounded.
The ice dragon breathes frost at you. The blast of cold hits you!!
* * * LOW HITPOINT WARNING * * *
You feel a strong urge to attack something.
You are no longer berserk.
You are exhausted.
You feel yourself slow down.
You slice the ice dragon!! You burn the ice dragon!
You kill the ice dragon!
Trog accepts your kill.
Your Evocations skill increases to level 14!
You feel the effects of Trog's Hand fading.
You are no longer corroded.
The frost giant casts a spell at you. The bolt of cold hits you.
* * * LOW HITPOINT WARNING * * *
The frost giant gestures at you while chanting.
The bolt of cold hits you!!!
You die...

#...# ...#. #Cu.## .....
#...##...... #...#......
#)†)...... ###########C...#..
...........###.# ##..
..........## #
##..............@##
..................##
...................### #####
.....∩...............# ####...#
.....................## #..#...#
.............##.......#.##......#
.............##......##..#......#
.............##.......#..#......#
.............#..................#


You could see a frost giant.

Vanquished Creatures
  A juggernaut (Depths:2)
  Arachne (Spider:2)
  A lich (Depths:1)
  Rupert (Spider:1)
  Polyphemus (Shoals:2)
  3 tentacled starspawn (Abyss:3)
  4 ghost moths
  2 frost giants
  4 orc warlords
  Louise (Spider:4)
  9 emperor scorpions
  A caustic shrike zombie (WizLab)
  5 stone giants
  A reaper (IceCv)
  4 spriggan defenders (Depths:2)
  12 very ugly things
  3 entropy weavers
  A vampire knight (Depths:1)
  A red draconian (Abyss:3)
  A minotaur (Gauntlet)
  A spark wasp (Spider:4)
  2 ettins (Depths:3)
  2 merfolk javelineers
  2 merfolk impalers (Shoals:1)
  A green death (Abyss:3)
  Josephine (D:11)
  3 rakshasas
  4 fire dragons
  2 mummy priests (WizLab)
  3 ogre magi
  7 hydras
  A great orb of eyes (Depths:1)
  Harold (D:11)
  6 ice dragons
  5 vault guards (D:13)
  Erolcha (D:9)
  2 spriggan air magi (Depths:2)
  A catoblepas (Shoals:1)
  The ghost of Apogee the Thaumaturge, a journeyman GnWn of Sif Muna (D:11)
  2 merfolk avatars
  5 centaur warriors
  11 merfolk aquamancers
  Erica (D:11)
  An alligator snapping turtle (Shoals:4)
  5 satyrs
  16 two-headed ogres
  2 deep troll earth magi
  A queen ant (D:7)
  2 deep troll shamans (Depths:1)
  3 tengu warriors
  9 death yaks
  A vampire mage (Depths:1)
  5 thrashing horrors (Abyss:3)
  4 large abominations
  3 orc high priests (Orc:2)
  A fire crab (Lair:5)
  2 iron trolls (Depths:1)
  A hell knight (Abyss:3)
  A spatial maelstrom (Abyss:3)
  5 deep trolls
  8 sea snakes
  2 unseen horrors (D:14)
  2 glowing orange brains
  A swamp dragon (shapeshifter) (D:12)
  A wizard (Depths:2)
  2 wolf spider zombies (D:15)
  A frost giant zombie (Abyss:3)
  A sphinx zombie (WizLab)
  7 orc knights
  3 necromancers
  A salamander (Depths:2)
  2 stone giant zombies (WizLab)
  3 deep elf magi (D:15)
  22 ugly things
  3 oklob plants (Lair:5)
  31 wolf spiders
  11 harpies (Shoals:2)
  16 manticores
  20 orb spiders
  8 orc sorcerers
  A salamander (shapeshifter) (Depths:1)
  22 fauns
  A fire giant zombie (WizLab)
  4 moths of wrath
  9 elephants
  11 cyclopes
  A fire giant skeleton (Depths:1)
  2 ice statues (IceCv)
  2 water nymphs
  7 black mambas
  6 torpor snails
  A demonspawn zombie (WizLab)
  An apocalypse crab (Abyss:3)
  An eye of devastation (shapeshifter) (Gauntlet)
  A guardian serpent (Lair:6)
  7 merfolk sirens
  3 naga magi (D:15)
  22 cane toads
  2 gargoyles
  An orange demon (Abyss:3)
  A torpor snail (shapeshifter) (Gauntlet)
  A redback zombie (D:15)
  2 smoke demons (Abyss:3)
  2 kobold demonologists
  Maggie (Lair:2)
  An elf skeleton (Depths:1)
  3 yaktaurs (D:15)
  2 rime drakes
  A yaktaur zombie (WizLab)
  7 komodo dragons
  A minotaur zombie (Gauntlet)
  A freezing wraith (D:15)
  16 demonic crawlers
  8 ice devils (IceCv)
  2 ancient zymes (Abyss:3)
  2 guardian mummies (WizLab)
  A meliai (shapeshifter) (D:14)
  11 trolls
  A jumping spider (shapeshifter) (Depths:1)
  33 jumping spiders
  A polar bear (Lair:6)
  3 meliai (Spider:4)
  3 wind drakes
  Prince Ribbit (D:8)
  20 merfolk
  19 hornets
  A hornet (shapeshifter) (Depths:3)
  30 blink frogs
  An ice dragon zombie (WizLab)
  A polar bear (shapeshifter) (Depths:3)
  22 dream sheep
  A slime creature (shapeshifter) (Gauntlet)
  2 raiju (Abyss:3)
  11 hippogriffs
  7 snapping turtles
  13 slime creatures
  3 ettin zombies
  2 vampires (Depths:1)
  50 redbacks
  4 spriggans (Depths:2)
  4 ynoxinuls (Abyss:3)
  5 flying skulls (Abyss:3)
  10 water elementals
  A centaur simulacrum (D:14)
  27 tarantellas
  6 wraiths
  53 yaks
  A shadow (D:11)
  4 basilisks
  A yak (shapeshifter) (Gauntlet)
  8 humans
  3 fire elementals (Depths:2)
  10 wyverns
  3 steam dragons
  2 fire bats (Orc:1)
  A neqoxec (Abyss:3)
  12 wargs
  A steam dragon (shapeshifter) (Depths:2)
  A spatial vortex (Abyss:3)
  7 hydra simulacra (Depths:2)
  5 soldier ants
  33 water moccasins
  13 porcupines
  A hell hound (Abyss:3)
  A floating eye (Lair:3)
  3 swamp drakes (Lair:6)
  3 sky beasts
  2 black bears
  42 orc warriors
  13 ice beasts
  30 ogres
  4 phantoms
  2 eyes of draining
  A necrophage (D:8)
  6 small abominations
  2 wolves (D:9)
  32 centaurs
  4 boggarts (Depths:1)
  18 crocodiles
  A big kobold (shapeshifter) (D:15)
  A big kobold (D:8)
  11 bullfrogs
  2 gnoll sergeants (D:7)
  A wyvern skeleton (D:10)
  A water moccasin zombie (D:8)
  5 scorpions
  29 wights
  10 killer bees
  2 vampire bats (D:5)
  4 electric eels
  3 centaur zombies
  7 howler monkeys
  19 starcursed masses
  2 bullfrog zombies
  2 quasits
  A bullfrog skeleton (D:12)
  2 iron imps (Abyss:3)
  8 hounds
  35 orc wizards
  38 orc priests
  6 jellies
  4 centaur skeletons
  2 gnoll shamans
  Crazy Yiuf (D:7)
  4 iguanas
  Natasha (thrice) (D:2)
  32 worker ants
  A killer bee zombie (D:5)
  2 hound skeletons
  3 worker ant zombies
  15 gnolls
  13 adders
  16 white imps
  9 ufetubi (IceCv)
  6 oozes
  5 worms
  5 dart slugs
  A leopard gecko (D:4)
  118 orcs
  4 bat skeletons (D:5)
  2 bat zombies (D:5)
  6 giant cockroaches
  17 goblins
  12 hobgoblins
  15 jackals
  8 quokkas
  A ball python skeleton (D:4)
  10 bats
  6 frilled lizards
  16 kobolds
  A leopard gecko skeleton (D:5)
  10 rats
  A spectral orc (D:8)
  A bush (Lair:6)
  2 plants
  3 starspawn tentacles (Abyss:3)
1646 creatures vanquished.

Vanquished Creatures (collateral kills)
  An ancient lich (WizLab)
  the Enchantress (Depths:2)
  A spriggan defender (Depths:2)
  A mummy priest (WizLab)
  An elf zombie (WizLab)
  A demonspawn zombie (WizLab)
  An orc wizard (Orc:1)
  An orc (Orc:1)
8 creatures vanquished.

Vanquished Creatures (others)
  A swamp dragon (Lair:6)
  A merfolk (Shoals:2)
  A spriggan (Depths:2)
  A water elemental (Depths:2)
  3 ufetubi (IceCv)
  2 orcs (Orc:2)
  A bush (Lair:4)
  39 fungi
  302 plants
  4 starspawn tentacles (Abyss:3)
355 creatures vanquished.

Grand Total: 2009 creatures vanquished

Notes
Turn   | Place    | Note
-------+----------+-------------------------------------------
     0 | D:1      | Arthanis the Gargoyle Berserker began the quest for the
                  | Orb.
     0 | D:1      | Reached XP level 1. HP: 14/14 MP: 1/1
    44 | D:1      | Reached XP level 2. HP: 17/19 MP: 2/2
    56 | D:1      | Reached skill level 3 in Axes
   264 | D:1      | Reached XP level 3. HP: 21/23 MP: 3/3
   407 | D:1      | Reached ** piety under Trog
   961 | D:2      | Reached XP level 4. HP: 17/29 MP: 4/4
  1167 | D:2      | Noticed Natasha
  1175 | D:2      | Killed Natasha
  1175 | D:2      | Reached XP level 5. HP: 26/33 MP: 5/5
  1192 | D:2      | Noticed Natasha
  1205 | D:2      | Killed Natasha
  1205 | D:2      | Reached skill level 4 in Axes
  1465 | D:2      | Noticed Natasha
  1476 | D:2      | Killed Natasha
  1679 | D:2      | Found a snail-covered altar of Cheibriados.
  2185 | D:3      | Reached *** piety under Trog
  2351 | D:3      | Found a stormy altar of Qazlal.
  2402 | D:3      | Reached XP level 6. HP: 39/39 MP: 6/6
  2544 | D:3      | Found a blossoming altar of Fedhas.
  2874 | D:4      | Reached skill level 1 in Evocations
  2930 | D:4      | Reached skill level 5 in Axes
  2930 | D:4      | Reached XP level 7. HP: 44/44 MP: 7/7
  3127 | D:4      | Reached skill level 5 in Fighting
  3618 | D:4      | Found a burning altar of Makhleb.
  3619 | D:4      | Noticed an Executioner
  3621 | D:4      | Found a glowing silver altar of Zin.
  3622 | D:4      | Noticed an angel
  3737 | D:5      | Entered Level 5 of the Dungeon
  3880 | D:5      | Reached XP level 8. HP: 50/50 MP: 8/8
  3905 | D:5      | Reached skill level 6 in Axes
  3907 | D:5      | Reached skill level 5 in Armour
  3975 | D:5      | Reached **** piety under Trog
  4271 | D:5      | Found a bloodstained altar of Trog.
  4474 | D:5      | Reached skill level 7 in Axes
  4666 | D:5      | Found an ancient bone altar of Kikubaaqudgha.
  5197 | D:6      | Reached XP level 9. HP: 54/56 MP: 9/9
  5266 | D:6      | Reached skill level 8 in Axes
  5286 | D:6      | Reached ***** piety under Trog
  5425 | D:6      | Found a broken altar of Ashenzari.
  5628 | D:6      | Found a sacrificial altar of Ru.
  5635 | D:6      | Found a sparkling altar of Nemelex Xobeh.
  5821 | D:6      | Found a staircase to the Ecumenical Temple.
  5951 | D:7      | Found a hide-covered altar of Uskayaw.
  6036 | D:7      | Reached skill level 9 in Axes
  6141 | D:7      | Received a gift from Trog
  6216 | D:7      | Found a runed translucent door.
  6217 | D:7      | Noticed Crazy Yiuf
  6256 | D:7      | Killed Crazy Yiuf
  6426 | D:7      | Found an ornate altar of the Wu Jian Council.
  6600 | D:7      | Reached XP level 10. HP: 65/65 MP: 10/10
  6625 | D:7      | Reached skill level 10 in Axes
  6762 | D:7      | Noticed a manticore
  6776 | D:7      | Killed a manticore
  7912 | D:8      | Found a basalt altar of Yredelemnul.
  7960 | D:8      | Noticed Prince Ribbit
  7964 | D:8      | Received a gift from Trog
  7966 | D:8      | Noticed a queen ant
  8014 | D:7      | Killed a queen ant
  8014 | D:7      | Reached skill level 11 in Axes
  8026 | D:7      | Reached XP level 11. HP: 37/72 MP: 11/11
  8559 | D:8      | Killed Prince Ribbit
  8702 | D:9      | Noticed Grum
  8940 | D:9      | Reached skill level 10 in Fighting
  9154 | D:9      | Found a staircase to the Orcish Mines.
  9354 | D:9      | Received a gift from Trog
  9447 | D:9      | Noticed Erolcha
  9462 | D:9      | Killed Erolcha
  9586 | D:9      | Found a staircase to the Lair.
 10278 | D:10     | Entered Level 10 of the Dungeon
 10278 | D:10     | Found Ariorhak's Jewellery Shoppe.
 10483 | D:10     | Bought the ring of Ubucusab {MR+ Int+3 Slay+2} for 653 gold
                  | pieces
 10561 | D:10     | Reached skill level 12 in Axes
 10701 | D:10     | Identified the cursed +3 longbow "Beast's Death" {freeze,
                  | rC+ Str+2 Dex+4}
 10760 | D:10     | Noticed a purple ugly thing
 10761 | D:10     | Noticed a brown ugly thing
 10770 | D:10     | Killed a purple ugly thing
 10770 | D:10     | Reached XP level 12. HP: 79/79 MP: 12/12
 10777 | D:10     | Reached skill level 5 in Evocations
 10868 | D:10     | Noticed a two-headed ogre
 10877 | D:10     | Killed a two-headed ogre
 11032 | D:10     | Received a gift from Trog
 11033 | D:10     | Found a runed translucent door.
 11158 | D:10     | Noticed a tengu warrior
 11168 | D:10     | Killed a tengu warrior
 11171 | D:10     | Identified the +8 spear "Killer Klown's Curse" {vorpal,
                  | Str-4 Dex+4 Stlth+}
 11171 | D:10     | Noticed Arthanis's ghost (novice GrBe)
 11187 | D:10     | Noticed a two-headed ogre
 11207 | D:10     | Killed a two-headed ogre
 11698 | D:11     | Noticed Erica
 11702 | D:11     | Killed Erica
 11702 | D:11     | Reached skill level 13 in Axes
 11707 | D:11     | Found a large runed translucent door.
 11707 | D:11     | Found a large runed translucent door.
 11919 | D:11     | Found a frozen archway.
 11942 | IceCv    | Entered an ice cave
 12484 | IceCv    | Identified a +2 pair of boots of running (You found it in
                  | an ice cave)
 12660 | IceCv    | Noticed a reaper
 12663 | IceCv    | Received a gift from Trog
 12667 | IceCv    | Killed a reaper
 12667 | IceCv    | Reached XP level 13. HP: 49/86 MP: 13/13
 12695 | IceCv    | Got an ancient demon whip
 12696 | IceCv    | Identified the +2 demon whip of Kismet {antimagic, +Blink
                  | MR++ Dex+6} (You found it in an ice cave)
 12983 | D:11     | Reached skill level 14 in Axes
 13127 | D:11     | Noticed Josephine
 13136 | D:11     | Killed Josephine
 13158 | D:11     | Noticed Harold
 13172 | D:11     | Killed Harold
 13657 | D:11     | Noticed Apogee's ghost (journeyman GnWn)
 13672 | D:11     | Killed Apogee's ghost
 13879 | D:12     | Received a gift from Trog
 14195 | D:12     | Found a gate leading to a gauntlet.
 14204 | Gauntlet | Entered a Gauntlet
 14204 | Gauntlet | Found a transporter.
 14204 | Gauntlet | Found a transporter.
 14204 | Gauntlet | Found a transporter.
 14262 | Gauntlet | Found a transporter.
 14284 | Gauntlet | Noticed a death ooze
 14338 | Gauntlet | Found a transporter.
 14338 | Gauntlet | Found a transporter.
 14348 | Gauntlet | Found a runed translucent door.
 14348 | Gauntlet | Identified the ring "Cuffugu" {rCorr Int+4 Stlth+}
 14384 | Gauntlet | Found a transporter.
 14410 | Gauntlet | Got a pitted tin ring
 14415 | Gauntlet | Found a transporter.
 14426 | Gauntlet | Identified the cursed +3 hand crossbow of the Thing
                  | {freeze, rElec rF+ Dex-3}
 14426 | Gauntlet | Noticed a minotaur
 14438 | Gauntlet | Killed a minotaur
 14927 | D:12     | Identified the ring "Zuysirom" {rC+ rN+ MR+ Str-3 Int+6}
                  | (You found it in a Gauntlet)
 15136 | D:13     | Found a stormy altar of Qazlal.
 15247 | D:13     | Reached skill level 15 in Axes
 15439 | D:13     | Noticed a vault guard
 15439 | D:13     | Noticed a vault guard
 15439 | D:13     | Noticed a vault guard
 15442 | D:13     | Noticed a vault guard
 15442 | D:13     | Noticed a vault guard
 15448 | D:13     | Killed a vault guard
 15449 | D:13     | Killed a vault guard
 15449 | D:13     | Gained mutation: Your large and strong wings let you fly
                  | indefinitely. [Gargoyle growth]
 15449 | D:13     | Reached XP level 14. HP: 94/94 MP: 14/14
 15476 | D:13     | Found a gate to the Vaults.
 16114 | D:13     | Got a fine plate armour
 16125 | D:13     | Identified the cursed +0 plate armour of Joy {+Blink +Fly
                  | Str-2 Int+9} (You found it on level 13 of the Dungeon)
 16227 | D:14     | Found a blossoming altar of Fedhas.
 16335 | D:14     | Found a bloodstained altar of Trog.
 16450 | D:14     | Received a gift from Trog
 17351 | D:15     | Entered Level 15 of the Dungeon
 17740 | D:15     | Reached skill level 10 in Armour
 17960 | D:15     | Found a shadowy altar of Dithmenos.
 18286 | D:15     | Reached skill level 16 in Axes
 18549 | D:15     | Found a staircase to the Depths.
 18829 | D:15     | Reached XP level 15. HP: 100/100 MP: 11/15
 19115 | Orc:1    | Entered Level 1 of the Orcish Mines
 19243 | Orc:1    | Noticed an orc warlord
 19245 | Orc:1    | Reached ****** piety under Trog
 19249 | Orc:1    | HP: 5/100 [orc priest/divine providence (9)]
 19262 | Orc:1    | HP: 3/100 [orc priest/divine providence (16)]
 19669 | Orc:1    | Found a roughly hewn altar of Beogh.
 19846 | Orc:1    | Received a gift from Trog
 19857 | Orc:1    | Killed an orc warlord
 20237 | Orc:2    | Entered Level 2 of the Orcish Mines
 20394 | Orc:2    | Noticed an orc warlord
 20408 | Orc:2    | Killed an orc warlord
 20412 | Orc:2    | Noticed an orc warlord
 20492 | Orc:2    | Killed an orc warlord
 20881 | Orc:2    | Identified the Handbook of Black Rituals and Translocation
 20926 | Orc:2    | Found Haaciwn's Jewellery Shoppe.
 20961 | Orc:2    | Found a staircase to the Elven Halls.
 21036 | Orc:2    | Found Keorghucw's Gadget Boutique.
 21040 | Orc:2    | Bought an uncursed ring of see invisible for 255 gold
                  | pieces
 21058 | Orc:2    | Found Ladwud's General Store.
 21085 | Orc:2    | Bought a scroll of identify for 36 gold pieces
 21085 | Orc:2    | Bought a scroll of blinking for 135 gold pieces
 21085 | Orc:2    | Identified a scroll of acquirement
 21109 | Orc:2    | Noticed an orc warlord
 21130 | Orc:2    | Killed an orc warlord
 21460 | Orc:2    | Found Xuigousch's Antique Weapon Boutique.
 21729 | Orc:2    | Reached skill level 17 in Axes
 21897 | Orc:2    | Found Dyomn's Antique Armour Shop.
 22063 | Orc:2    | Acquired a manual of Armour
 22153 | Lair:1   | Entered Level 1 of the Lair of Beasts
 22167 | Lair:1   | Received a gift from Trog
 22172 | Lair:1   | Got an iridescent broad axe {god gift}
 22173 | Lair:1   | Identified the +7 broad axe "Newtslayer" {vorpal, Dex+2}
                  | (Trog gifted it to you on level 1 of the Lair of Beasts)
 23462 | Lair:2   | Noticed Maggie
 23471 | Lair:2   | Killed Maggie
 23715 | Lair:2   | Reached skill level 15 in Fighting
 24021 | Lair:3   | Reached XP level 16. HP: 108/108 MP: 16/16
 24027 | Lair:3   | Received a gift from Trog
 24184 | Lair:3   | Reached skill level 10 in Evocations
 24632 | Lair:3   | Paralysed by a floating eye for 2 turns
 25199 | Lair:4   | Found an ancient bone altar of Kikubaaqudgha.
 25743 | Lair:4   | Found a staircase to the Shoals.
 26009 | Lair:4   | Found a hole to the Spider Nest.
 26279 | Lair:5   | Received a gift from Trog
 27012 | Lair:5   | Reached skill level 18 in Axes
 27707 | Lair:6   | Entered Level 6 of the Lair of Beasts
 28256 | Lair:6   | Found a viscous altar of Jiyva.
 28256 | Lair:6   | Found a staircase to the Slime Pits.
 28502 | Lair:6   | Reached XP level 17. HP: 110/115 MP: 17/17
 29559 | Shoals:1 | Entered Level 1 of the Shoals
 29599 | Shoals:1 | Reached skill level 1 in Shields
 30492 | Shoals:2 | Noticed Polyphemus
 30518 | Shoals:1 | Received a gift from Trog
 30718 | Shoals:1 | Got a crude battleaxe {god gift}
 30724 | Shoals:1 | Identified the +3 battleaxe "Veogaid" {vorpal, +Inv rF+}
                  | (Trog gifted it to you on level 1 of the Shoals)
 30748 | Shoals:2 | Killed Polyphemus
 31146 | Shoals:2 | Reached skill level 15 in Armour
 32349 | Shoals:3 | Identified the Handbook of Hexes
 32567 | Shoals:4 | Entered Level 4 of the Shoals
 33082 | Shoals:4 | Reached XP level 18. HP: 113/120 MP: 18/18
 33350 | Shoals:4 | Got a barnacled rune of Zot
 33443 | Shoals:4 | Found a stormy altar of Qazlal.
 34299 | Spider:1 | Entered Level 1 of the Spider Nest
 34529 | Spider:1 | Noticed Rupert
 34587 | Spider:1 | Killed Rupert
 35073 | Spider:1 | Received a gift from Trog
 35422 | Spider:2 | Noticed Arachne
 35541 | Spider:2 | Killed Arachne
 36220 | Spider:3 | Received a gift from Trog
 36286 | Spider:3 | Noticed Louise
 36367 | Spider:3 | Noticed Mara
 36370 | Spider:3 | Noticed Arthanis's illusion
 36498 | Spider:4 | Entered Level 4 of the Spider Nest
 36662 | Spider:3 | Reached XP level 19. HP: 126/126 MP: 19/19
 36666 | Spider:3 | Reached skill level 5 in Dodging
 36899 | Spider:4 | Killed Louise
 36956 | Spider:3 | Reached skill level 19 in Axes
 37389 | Spider:3 | Noticed Arthanis's illusion
 37461 | Spider:2 | Noticed Arthanis's illusion
 38324 | Spider:4 | Received a gift from Trog
 39045 | Spider:4 | Got a gossamer rune of Zot
 39560 | Spider:2 | Noticed Arthanis's illusion
 40245 | Depths:1 | Entered Level 1 of the Depths
 40266 | Depths:1 | Found a gateway to Hell.
 40279 | Depths:1 | Received a gift from Trog
 40342 | Depths:1 | Found a gateway to a ziggurat.
 40428 | Depths:1 | Found a one-way gate leading to the halls of Pandemonium.
 40619 | Depths:1 | Found a magical portal.
 40629 | WizLab   | Entered Doroklohe's Tomb
 40924 | WizLab   | Noticed an ancient lich
 40931 | WizLab   | Killed an ancient lich
 41090 | Depths:1 | Reached XP level 20. HP: 122/134 MP: 20/20
 41339 | Depths:1 | Received a gift from Trog
 42013 | Depths:1 | Found Hokidyrgh's Blood Bar.
 42781 | Depths:2 | Reached skill level 20 in Axes
 43279 | Depths:2 | Noticed the Enchantress
 43827 | Depths:2 | Received a gift from Trog
 44409 | Depths:2 | Cast into level 3 of the Abyss (the Enchantress)
 44635 | Abyss:3  | Got a distressingly furry cloak
 44865 | Depths:2 | Escaped the Abyss
 44889 | Depths:2 | Killed the Enchantress
 44904 | Depths:2 | Identified the +1 cloak "Ycus" {rN+ Int-3 SInv} (You found
                  | it on level 3 of the Abyss)
 45800 | Depths:2 | Noticed a juggernaut
 45812 | Depths:2 | Reached XP level 21. HP: 140/140 MP: 21/21
 45814 | Depths:2 | Killed a juggernaut
 46145 | Depths:3 | Found Soqeak Atit's Gadget Shop.
 46145 | Depths:3 | Found Zumop's Jewellery Shoppe.
 46146 | Depths:3 | Found Bajy's Gadget Shop.
 46539 | Depths:3 | Killed from afar by a frost giant

Illustrated notes

Levels and vault maps discovered:
D:1:      psy_arrival_basics, layout_rooms
D:2:      layout_basic, kennysheep_slug_shrine, minmay_goblin_kobold_house,
          uniq_natasha
D:3:      layout_loops_ring, grunt_temple_overflow_forces_of_nature,
          grunt_ministairs_1
D:4:      layout_basic, grunt_temple_overflow_order_and_chaos_2
D:5:      layout_basic, lightli_temple_of_fire, kennysheep_vampire_church,
          serial_glass, glass_columns_a, glass_columns_b
D:6:      layout_rooms, evilmike_ruin_ashenzari,
          chequers_temple_overflow_statue_of_worship, temple_green,
          chequers_serial_rivers_micro_d, bh_walls_and_bars
D:7:      kennysheep_housing_project, layout_loops_ring,
          overflow_temple_1_default, kennysheep_mini, minmay_small_thing,
          uniq_crazy_yiuf_cottage
D:8:      layout_loops_ring, yredelemnul_forgotten_temple_becter,
          zaba_antful_of_joy, uniq_prince_ribbit1
D:9:      layout_roguey, erik_lair_orcish_takeover, erik_orc_4, zaba_anthole,
          uniq_erolcha, uniq_grum
D:10:     minmay_the_grid_triangle_9x9_recursive_2
          [minmay_the_grid_triangle_9x9_prize_schism,
          minmay_the_grid_triangle_9x9_from_above,
          minmay_the_grid_triangle_9x9_alien,
          minmay_the_grid_triangle_9x9_checkered], layout_rooms,
          ebering_ghost_funeral_grove, serial_shops, shop
D:11:     layout_basic, ebering_ghost_disaster_area,
          portal_ice_cave_entry_ice_beasts, uniq_erica, uniq_harold,
          uniq_josephine
D:12:     layout_grid_maze, gauntlet_entry_generic
D:13:     layout_basic, ximxim_vaults_locker_room, basic_altar
D:14:     layout_basic, fedhas_altar_4, basic_altar
D:15:     grunt_enter_depths_magical_seal, layout_loops_ring,
          nicolae_dithmenos_through_a_glass_darkly
Lair:1:   layout_chaotic_city, beast_lair_carwin_6, wad_woods_river_01,
          infiniplex_staircase_pool_2
Lair:2:   layout_misc_corridors, uniq_maggie
Lair:3:   layout_cave_pods, serial_bayou_pond_c, disabler_island
Lair:4:   layout_roguey, minmay_shoals_entry_hut, spider_nest_entry_funnel_web,
          basic_altar, minivault_25, patterned_corridor
Lair:5:   layout_misc_corridors, hibernation_bobbens, minmay_lair_oklob_chamber,
          grunt_megastairs_4
Lair:6:   hangedman_lair_tendril_chambers, layout_regular_city,
          guppyfry_lair_end_dragon, slime_altar_1
Shoals:1: layout_shoals, abandoned_shop, st_sunken_huts
Shoals:2: layout_shoals, nicolae_shoals_aquamancer_cove, uniq_polyphemus
Shoals:3: layout_shoals, nicolae_shoals_seven_spires, st_cyclops
Shoals:4: shoals_end_grunt_garden, layout_shoals, lemuel_altar_in_water
Spider:1: layout_spider_delve, hive_lemuel, hangedman_spider_tarantella_strand,
          uniq_rupert
Spider:2: layout_spider_delve, nicolae_orb_stairs, uniq_arachne
Spider:3: layout_spider_delve, nicolae_spider_stair_cavern, uniq_louise,
          uniq_mara
Spider:4: grunt_spider_rune_circles, worms_lemuel
Orc:1:    layout_caves, basic_altar, nicolae_orc_lava_tube
Orc:2:    grunt_orc_gardens, layout_caves, grunt_orc_garden, grunt_orc_garden,
          grunt_orc_garden, grunt_orc_garden, serial_shops, shop,
          minmay_orc_treasury
Depths:1: layout_honeycomb, enter_ziggurat_f, mu_enter_wizlab_2,
          hangedman_abyss_or_decor_jellyfish_corner, pan_entry, hell_entry,
          st_stairs_11, guppyfry_shop_blood
Depths:2: cheibrodos_hall_of_evolution, layout_basic, pf_hell_entry_great_geh,
          hangedman_abyss_or_decor_slice, statue_in_the_mist_lemuel,
          serial_bayou_shore_b, uniq_enchantress
Depths:3: evilmike_diamond_1, layout_cave_pools, minmay_misc_feat_rugged,
          hell_entry, grunt_pan_entry_zigzag, minmay_staircase_windowed_large,
          minmay_shop_grove

Skill      XL: |  1  2  3  4  5  6  7  8  9 10 11 12 13 14 15 16 17 18 19 20 21 |
---------------+----------------------------------------------------------------+-----
Axes           | 3 4 5 7 9 11 12 13 15 16 17 18 19 20 | 20.6
Dodging        | 2 4 6 8 |  8.1
Armour         | 3 4 6 8 9 10 13 16 18 19 | 19.4
Fighting       | 4 5 6 8 9 10 12 13 14 15 16 17 | 17.9
Evocations     | 1 2 3 4 6 7 8 9 10 11 12 13 14 | 14.0
Shields        | 4 |  4.0

Action                   |  1- 3 |  4- 6 |  7- 9 | 10-12 | 13-15 | 16-18 | 19-21 || total
-------------------------+-------+-------+-------+-------+-------+-------+-------++-------
Melee: Hand axe          |   148 |   197 |   199 |       |       |       |       ||   544
       War axe           |       |       |   281 |   706 |       |       |       ||   987
       Broad axe         |       |       |       |   179 |   189 |   874 |   657 ||  1899
       Executioner's axe |       |       |       |       |   609 |   490 |   391 ||  1490
       Spear             |       |       |       |       |    18 |       |       ||    18
       Demon whip        |       |       |       |       |     8 |    28 |    47 ||    83
       Battleaxe         |       |       |       |       |    41 |       |       ||    41
Invok: Berserk           |       |     5 |     6 |    21 |    22 |    14 |    23 ||    91
       Trog's Hand       |       |     1 |       |     9 |    16 |     9 |    26 ||    61
       Brothers in Arms  |       |       |       |       |     1 |       |     5 ||     6
 Abil: Fly               |       |       |       |       |     1 |       |       ||     1
       Evoke Blink       |       |       |       |       |       |       |     2 ||     2
Evoke: Wand              |       |       |       |     2 |       |    13 |    10 ||    25
       Box of beasts     |       |       |       |       |       |     1 |     3 ||     4
  Use: Scroll            |       |       |       |    14 |    18 |    16 |     9 ||    57
       Potion            |       |       |       |       |     4 |     1 |     5 ||    10
 Stab: Paralysed         |       |       |       |       |       |     8 |     1 ||     9
       Held in net/web   |       |       |       |       |       |     1 |       ||     1
Armor: Animal skin       |    82 |    25 |       |       |       |       |       ||   107
       Scale mail        |       |    41 |       |       |       |       |       ||    41
       Plate armour      |       |    58 |   324 |   586 |   685 |  1092 |  1107 ||  3852
Dodge: Dodged            |   136 |   118 |   190 |   330 |   389 |   426 |   404 ||  1993
Block: Other             |     3 |    50 |   114 |   191 |   201 |   109 |   119 ||   787
       Reflection        |       |     1 |     2 |     6 |    14 |    70 |     9 ||   102
       Tower shield      |       |       |       |       |       |   950 |   622 ||  1572

Table legend: (Time is in decaauts)
 A = Elapsed time spent in this place.
 B = Non-inter-level travel time spent in this place.
 C = Inter-level travel time spent in this place.
 D = Time resting spent in this place.
 E = Time spent auto-exploring this place.
 F = Levels seen in this place.
 G = Mean time per level.
                   A        B        C        D        E       F      G
               +--------+--------+--------+--------+--------+-----+--------+
         Total |  45388 |  43173 |   2215 |   2666 |  29825 |  38 | 1194.4 |
       Dungeon |  18146 |  16974 |   1172 |    158 |  12547 |  15 | 1209.7 |
          Lair |   7246 |   6739 |    507 |      0 |   5622 |   6 | 1207.7 |
        Shoals |   4433 |   4343 |     90 |    431 |   2988 |   4 | 1108.2 |
   Spider Nest |   5352 |   5083 |    269 |    592 |   2961 |   4 | 1338.0 |
  Orcish Mines |   2945 |   2886 |     59 |    441 |   1894 |   2 | 1472.5 |
        Depths |   5213 |   5097 |    116 |    473 |   3733 |   3 | 1737.7 |
         Abyss |    412 |    412 |      0 |      0 |      0 |   1 |  412.0 |
      Ice Cave |    898 |    898 |      0 |    393 |     28 |   1 |  898.0 |
        Wizlab |    458 |    458 |      0 |     63 |     51 |   1 |  458.0 |
      Gauntlet |    280 |    280 |      0 |    111 |      0 |   1 |  280.0 |
               +--------+--------+--------+--------+--------+-----+--------+

Top non-repeatable levels by time:
Depths:2: 2706 daAuts
Depths:1: 1975 daAuts
   Orc:2: 1840 daAuts
     D:9: 1820 daAuts
    D:15: 1659 daAuts
Spider:3: 1646 daAuts
Spider:2: 1638 daAuts
     D:7: 1637 daAuts
  Lair:6: 1577 daAuts
     D:2: 1516 daAuts
  Lair:5: 1495 daAuts
     D:5: 1495 daAuts
Shoals:4: 1313 daAuts
    D:10: 1295 daAuts
Spider:4: 1274 daAuts
